 BcadrenCrawl: Boulder Brew version 0.06-744-gf22570f5e0 (webtiles) character file.

Game seed: 11330305913196481914

336 LabCoat the Skirmisher (level 6, 0/79 HPs) Hill Orc Fighter. Began on Mar 6, 2023. Succumbed to a big kobold's poison ... on level 2 of the Dungeon. The game lasted 00:04:43 (867 turns).

LabCoat the Skirmisher (Hill Orc Fighter)            Turns: 867, Time: 00:04:44

Health: 0/79       AC: 12    Str: 21    XL:     6 ^: 137
Magic:  6/6        EV:  7    Int:  8    God:
Gold:   2839       SH:  7    Dex: 10    Spells: 5/5 levels left

rFire    . . .     Slash    .   a - +0 war axe
rCold    . . .     Pierce   .   c - +0 heater shield
rNeg     . . .     Bludgeon .   k - +0 chain mail
rCorr    . . .     Vision   .   l - +2 helmet
rPois    .         Gourm    .   (no cloak)
rElec    .         Faith    .   (no gloves)
MR       +....     Spirit   .   (no boots)
HPRegen  0.36/turn Reflect  .   (no amulet)
MPRegen  0.16/turn Harm     .   j - ring of protection from magic
Stlth    ..........             (no ring)

@: lethally poisoned (0 -> -4), berserk cooldown, slowed, lightly drained, very
slow
A: soft flesh
a: no special abilities


You were on level 2 of the Dungeon.
You were completely stuffed.

You visited 1 branch of the dungeon, and saw 2 of its levels.

You collected 2839 gold pieces.

Inventory:

Weapons
 a - a +0 war axe (weapon) Shields
 c - a +0 heater shield (shield)
Armour
 k - a +0 chain mail (worn)
 l - a +2 helmet (worn)
Jewellery
 b - a cursed ring of fire {(Curse: MR-)}
 j - a ring of protection from magic (left hand)
 m - a cursed ring of dexterity {(Curse: Int-4)}
Scrolls
 d - a scroll of holy word
 n - a scroll of immolation
Potions
 e - a potion of haste
 i - a potion of gain intelligence
Comestibles
 f - a ration
 g - a chunk of flesh


   Skills:
 * Level 5.3(5.1) Fighting
 * Level 5.0(4.8) Axes & Hammers
 + Level 4.0(3.8) Armour
 + Level 1.4(1.2) Dodging
 * Level 4.8(4.5) Shields


You had 5 spell levels left.
You didn't know any spells.
Your spell library was empty.

Dungeon Overview and Level Annotations

Branches:
Dungeon (2/8)

Altars:


Innate Abilities, Weirdness & Mutations

((Your soft flesh is weak to deep cuts.
Heavy manmade armour will nullify this weakness. (rSlashing-)))


Message History

Some of the chunks of flesh in your inventory have rotted away.
You start waiting.
You are no longer berserk.
You are exhausted.
You feel yourself slow down.
* * * LOW HITPOINT WARNING * * *
You feel sick. (1)
There is a lethal amount of poison in your body!
Okay, then.
* * * LOW HITPOINT WARNING * * *
You feel sick. (2)
You see here an empty bottle.
You eat one of the 4 rations.
That ration really hit the spot!
* * * LOW HITPOINT WARNING * * *
You feel sick. (2)
You eat one of the 3 rations.
That ration really hit the spot!
* * * LOW HITPOINT WARNING * * *
You feel sick. (1)
You eat one of the 2 rations.
That ration really hit the spot!
You die...

≈≈≈≈≈≈######## #.#####
#≈≈≈≈≈≈≈...≈≈# ...#≈≈.
#≈≈≈.≈≈#.....##≈..)...
#......#≈.....#.......
#.≈≈.;..≈....≈#%......
≈≈≈..≈......≈##.......
#.≈.≈≈...≈<###≈.......
....≈≈≈..####††)......
..≈..≈.#.≈#≈#)@)..b.≈#
..≈≈....≈..≈#≈......≈#
..≈≈≈≈.#≈.≈≈....≈...##
.≈≈≈.......#...≈≈####
#.≈..≈.#..##....##
≈..≈≈...##.....#
.≈..≈....≈....≈#
.≈≈.≈.≈.......##
≈≈.b.#...≈##..


There were no monsters in sight!

Vanquished Creatures
  A water moccasin (D:1)
  2 big kobolds (D:2)
  3 giant cockroaches
  2 cinder newts (D:1)
  An ooze (D:1)
  2 dart slugs (D:1)
  A leopard gecko (D:1)
  3 goblins (D:1)
  3 hobgoblins (D:1)
  4 jackals (D:2)
  9 kobolds
  5 rats (D:1)
36 creatures vanquished.

Vanquished Creatures (others)
  28 withered plants (D:2)
28 creatures vanquished.

Grand Total: 64 creatures vanquished

Notes
Turn   | Place    | Note
-------+----------+-------------------------------------------
     0 | D:1      | LabCoat the Hill Orc Fighter began the quest for the Orb.
     0 | D:1      | Reached XP level 1. HP: 29/29 MP: 1/1
    14 | D:1      | Reached XP level 2. HP: 39/39 MP: 2/2
    29 | D:1      | Identified a scroll of acquirement
   129 | D:1      | Acquired 2790 gold pieces
   142 | D:1      | Reached XP level 3. HP: 49/49 MP: 3/3
   268 | D:1      | Reached XP level 4. HP: 52/59 MP: 4/4
   618 | D:2      | Noticed a water moccasin
   633 | D:1      | Killed a water moccasin
   633 | D:1      | Reached skill level 1 in Dodging
   633 | D:1      | Reached XP level 5. HP: 7/69 MP: 5/5
   854 | D:2      | Reached skill level 5 in Fighting
   854 | D:2      | Reached XP level 6. HP: 25/79 MP: 6/6
   858 | D:2      | Reached skill level 5 in Axes & Hammers
   865 | D:2      | HP: 2/79 [poisoned by a big kobold]
   867 | D:2      | Succumbed to a big kobold's poison

Illustrated notes

Levels and vault maps discovered:
D:1:      heliophobic_arrival_ceremonial_halls, layout_rooms,
          minmay_misc_feat_more_columns
D:2:      layout_sewer, elyvilon_niche, first_ration, uniq_duvessa

Skill      XL: |  1  2  3  4  5  6 |
---------------+-------------------+-----
Axes & Hammers | 3 4 5 |  5.0
Fighting       | 4 5 |  5.3
Dodging        | 1 |  1.4
Shields        | 4 |  4.8
Armour         | 4 |  4.0

Action                   |  1- 3 |  4- 6 || total
-------------------------+-------+-------++-------
Melee: War axe           |    35 |    37 ||    72
Throw: Skull             |     1 |       ||     1
       Stone             |       |     2 ||     2
       Rusty metal       |       |     2 ||     2
  Use: Potion            |     1 |     3 ||     4
       Scroll            |     1 |       ||     1
  Eat: Ration            |       |     3 ||     3
Armor: Scale mail        |    15 |     1 ||    16
       Chain mail        |       |    28 ||    28
Dodge: Dodged            |     8 |     9 ||    17
Block: Heater shield     |    10 |    13 ||    23
